 Dungeon Crawl Stone Soup version 0.30-a0-728-gc68057be0a (webtiles) character file.

Game seed: 7146440036712887471

16685 browni3141 the Slicer (level 12, -9/86 HPs)
             Began as a Human Earth Elementalist on Jan 30, 2023.
             Was a Priest of Kikubaaqudgha.
             Mangled by a cane toad (17 damage)
             ... on level 3 of the Lair of Beasts.
             The game lasted 00:33:00 (16275 turns).

browni3141 the Slicer (Human Earth Elementalist)   Turns: 16275, Time: 00:33:00

Health: -9/86      AC: 14    Str:  8    XL:     12   Next: 73%
Magic:  2/21       EV: 11    Int: 31    God:    Kikubaaqudgha [***...]
Gold:   685        SH:  3    Dex: 16    Spells: 13/23 levels left

rFire   . . .      SeeInvis .    T - +0 rapier (freeze)
rCold   . . .      Faith    .    M - +0 buckler
rNeg    . . .      Spirit   .    N - +3 ring mail
rPois   .          Reflect  .    e - +2 helmet
rElec   .          Harm     .    D - +0 cloak
rCorr   .          Rampage  .    J - +0 pair of gloves
Will    .....                    I - +0 pair of boots
Stlth   +++                      t - amulet of regeneration
HPRegen 1.14/turn                Q - +6 ring of intelligence
MPRegen 0.17/turn                G - +6 ring of intelligence

@: lethally poisoned (-9 -> -11), very slightly contaminated
A: no striking features
a: Renounce Religion, Unearth Wretches


You were on level 3 of the Lair of Beasts.
You worshipped Kikubaaqudgha.
Kikubaaqudgha was most pleased with you.
You visited 3 branches of the dungeon, and saw 15 of its levels.
You also visited: Ossuary.

You collected 951 gold pieces.
You spent 266 gold pieces at shops.

Inventory:

Hand Weapons
 c - a +0 whip of chaos
 T - a +0 rapier of freezing (weapon)
Missiles
 g - 30 poisoned darts
Armour
 a - a +0 robe
 e - a +2 helmet (worn)
 D - a +0 cloak (worn)
 I - a +0 pair of boots (worn)
 J - a +0 pair of gloves (worn)
 M - a +0 buckler (worn)
 N - a +3 ring mail (worn)
Jewellery
 i - a ring of wizardry
 r - a ring of resist corrosion
 t - an amulet of regeneration (around neck)
 G - a +6 ring of intelligence (right hand)
 P - the ring "Rast" {rF+ rCorr}
   (You found it on level 9 of the Dungeon)

   [ring of resist corrosion]

   rF:        It protects you from fire.
   rCorr:     It protects you from acid and corrosion.
 Q - a +6 ring of intelligence (left hand)
 W - a +6 ring of intelligence
 X - a ring of magical power
Wands
 E - a wand of paralysis (6)
 H - a wand of iceblast (23)
 L - a wand of polymorph (10)
 V - a wand of flame (36)
Scrolls
 d - 4 scrolls of teleportation
 h - 2 scrolls of brand weapon
 j - a scroll of torment
 k - a scroll of amnesia
 l - a scroll of blinking
 n - 3 scrolls of butterflies
 s - 4 scrolls of noise
 y - a scroll of magic mapping
 C - 4 scrolls of fog
 F - 2 scrolls of fear
 K - a scroll of silence
 S - 3 scrolls of vulnerability
 U - a scroll of identify
Potions
 b - a potion of magic
 f - 4 potions of heal wounds
 m - 3 potions of brilliance
 o - 4 potions of resistance
 p - a potion of ambrosia
 q - 4 potions of might
 u - 3 potions of flight {unknown}
 v - 3 potions of attraction {unknown}
 w - a potion of invisibility
 x - 2 potions of lignification
 z - 3 potions of haste
 B - 7 potions of curing
 O - a potion of cancellation {unknown}
 R - a potion of berserk rage {unknown}
Miscellaneous
 A - a tin of tremorstones (2/2)


   Skills:
 - Level 5.0 Fighting
 - Level 10.0 Short Blades
 - Level 6.0 Dodging
 - Level 6.0 Stealth
 - Level 6.0 Spellcasting
 - Level 3.0 Conjurations
 - Level 8.0 Necromancy
 - Level 4.0 Transmutations
 - Level 8.0 Earth Magic
 * Level 5.9 Evocations


You had 13 spell levels left.
You knew the following spells:

 Your Spells              Type           Power      Damage    Failure   Level
a - Sandblast             Erth           100%       2d20      1%          1
b - Passwall              Tmut/Erth      38%        N/A       2%          2
c - Stone Arrow           Conj/Erth      86%        3d12      7%          3
d - Petrify               Tmut/Erth      46%        N/A       19%         4

Your spell library contained the following spells:

 Spells                   Type           Power      Damage    Failure   Level
 Necrotise                Necr           100%       1d9       1%          1
 Sublimation of Blood     Necr           56%        N/A       1%          2
 Vampiric Draining        Necr           56%        2d10      2%          3
 Animate Dead             Necr           56%        N/A       8%          4
 Dispel Undead            Necr           56%        3d20      8%          4
 Sting                    Tmut/Pois      84%        1d7       10%         1
 Apportation              Tloc           18%        N/A       22%         1
 Summon Small Mammal      Summ           36%        N/A       22%         1
 Agony                    Necr           56%        N/A       22%         5
 Poisonous Vapours        Pois/Air       18%        N/A       32%         2
 Dazzling Flash           Conj/Hex       36%        N/A       34%         3
 Anguish                  Hex/Necr       17%        N/A       38%         4
 Irradiate                Conj/Tmut      15%        3d16      80%         5
 Olgreb's Toxic Radiance  Pois           9%         N/A       91%         4
 Alistair's Intoxication  Tmut/Pois      14%        N/A       95%         5
 Silence                  Hex/Air        4%         N/A       99%         5
 Simulacrum               Ice/Necr       17%        N/A       99%         6


Dungeon Overview and Level Annotations

Branches:
Dungeon (10/15)            Temple (1/1) D:6            Lair (4/5) D:10
  Swamp (0/4) Lair:3        Slime (0/5) Lair:4          Orc (0/2) D:9
Ossuary (visited)
  Snake: Lair:2-3    Spider: Lair:2-3

Altars:
Ashenzari
Cheibriados
Dithmenos
Elyvilon
Fedhas
Gozag
Hepliaklqana
Kikubaaqudgha
Makhleb
Nemelex Xobeh
Okawaru
Qazlal
Ru
Sif Muna
Trog
Uskayaw
Vehumet
Wu Jian
Xom
Yredelemnul
Zin
The Shining One
Jiyva

Shops:
D:4 **[*

Annotations:
D:9 1 runed translucent door, exclusion: door, sirJeffrey23's ghost, journeyman HOFi
Lair:4 1 runed translucent door


Message History

Press: ? - help, Shift-Dir - straight line, f/p - cane toad
Aim: a cane toad (heavily wounded, 79% to hit)
The stone arrow hits the cane toad!
The cane toad is almost dead.
You feel sick.
You are no longer poisoned.
You block the vampire mosquito's attack.
The vampire mosquito misses you. The cane toad stings you.
You are poisoned.
The cane toad poisons you!
The vampire mosquito closely misses you.
The vampire mosquito barely misses you.
Casting: Stone Arrow (dangerous; 7% risk of failure)
Confirm with . or Enter, or press ? or * to list all spells.
Aiming: Stone Arrow (dangerous; 7% risk of failure)
Press: ? - help, Shift-Dir - straight line, f/p - cane toad
Aim: a cane toad (almost dead, 79% to hit)
You miscast Stone Arrow.
You are very lightly contaminated with residual magic.
Nothing appears to happen.
You feel very sick. The vampire mosquito bites you.
The vampire mosquito draws strength from your injuries!
The vampire mosquito completely misses you.
The cane toad stings you!
* * * LOW HITPOINT WARNING * * *
The vampire mosquito bites you but does no damage.
The vampire mosquito barely misses you.
Casting: Stone Arrow (dangerous; 7% risk of failure)
Confirm with . or Enter, or press ? or * to list all spells.
Aiming: Stone Arrow (dangerous; 7% risk of failure)
Press: ? - help, Shift-Dir - straight line, f/p - cane toad
Aim: a cane toad (almost dead, 79% to hit)
The stone arrow misses the cane toad.
You feel sick. The vampire mosquito barely misses you.
The cane toad stings you!
* * * LOW HITPOINT WARNING * * *
The vampire mosquito misses you. The vampire mosquito barely misses you.
The cane toad stings you!
You die...
Kikubaaqudgha rasps: "You have failed me!
Welcome... death!"

♣.
.........≈≈§≈≈≈.....)#
~♣.~
........§§§≈≈≈≈..P...#
♣§§~♣ ♣..
....§≈§≈§≈≈..#...#
§y§§≈♣♣..
#....§§...§......#
y§§y§~♣.##
.##...#...#...#
§yy§§§~..#
#P.P###P##...# ♣..#
##..######...P
♣..#######...>.##.....
♣♣.†##@##..#P....#.....
♣....yyF........#......
#.#.................###
#####..##.#.#.###.# #
########### ###


You could see a cane toad and 2 vampire mosquitoes.

Vanquished Creatures
  A hydra (Lair:3)
  3 two-headed ogres (D:10)
  An oklob plant (D:10)
  2 black mambas
  2 cane toads
  A molten gargoyle (Lair:3)
  A gargoyle (D:10)
  A rime drake (Lair:4)
  4 komodo dragons
  An unseen horror (D:10)
  2 burning bushes (Lair:3)
  A troll (D:10)
  A polar bear (Lair:4)
  18 blink frogs
  A vampire (D:8)
  A shadow (D:9)
  A basilisk (Lair:1)
  4 steam dragons
  8 vampire mosquitoes
  7 water moccasins
  An acid dragon (D:9)
  4 ice beasts
  3 orc warriors
  3 black bears
  5 centaurs
  2 ogres
  2 kobold brigands
  3 scorpions
  3 bullfrogs
  3 necrophages
  A gnoll sergeant (D:6)
  4 wights (D:6)
  An electric eel (D:6)
  5 centaur zombies (Ossuary)
  4 hounds
  6 orc priests
  A gnoll bouda (D:5)
  4 jellies
  An iguana (D:5)
  8 orc wizards
  7 mummies (Ossuary)
  4 gnolls (D:5)
  3 adders
  3 white imps
  An adder zombie (Ossuary)
  3 worms
  4 dart slugs
  27 orcs
  8 endoplasms
  5 giant cockroaches
  A gnoll zombie (Ossuary)
  11 goblins
  7 hobgoblins
  13 kobolds
  A quokka (D:2)
  8 ball pythons
  3 bats
  A frilled lizard (D:2)
  7 goblin zombies (Ossuary)
  4 hobgoblin zombies (Ossuary)
  4 kobold zombies (Ossuary)
  5 quokka zombies (Ossuary)
  3 rats
  3 rat zombies (Ossuary)
261 creatures vanquished.

Vanquished Creatures (others)
  7 fungi
  15 plants
22 creatures vanquished.

Grand Total: 283 creatures vanquished

Notes
Turn   | Place    | Note
-------+----------+-------------------------------------------
     0 | D:1      | browni3141 the Human Earth Elementalist began the quest for
                  | the Orb.
     0 | D:1      | Reached XP level 1. HP: 13/13 MP: 3/3
   120 | D:1      | Reached skill level 1 in Fighting
   170 | D:1      | Reached XP level 2. HP: 21/21 MP: 1/5
   612 | D:1      | Reached XP level 3. HP: 26/26 MP: 4/6
  1257 | D:2      | Reached XP level 4. HP: 32/32 MP: 5/7
  2153 | D:2      | Learned a level 2 spell: Passwall
  2157 | D:2      | Learned a level 3 spell: Stone Arrow
  2931 | D:4      | Reached skill level 1 in Conjurations
  2931 | D:4      | Reached XP level 5. HP: 37/37 MP: 5/8
  3263 | D:4      | Reached skill level 5 in Earth Magic
  3268 | D:4      | Reached XP level 6. HP: 43/43 MP: 1/9
  3464 | D:4      | Found a glowing silver altar of Zin.
  3464 | D:4      | Noticed an angel
  3497 | D:4      | Found Kaimilic's Antique Armour Emporium.
  3500 | D:4      | Found Fixuog's General Store.
  3500 | D:4      | Found Ynkeis's Assorted Antiques.
  3501 | D:4      | Found Unuqaov's General Store.
  3508 | D:4      | Bought a scroll labelled URCHUM BOLIFFAP for 26 gold pieces
  3600 | D:4      | Bought a potion of curing for 39 gold pieces
  3600 | D:4      | Bought a scroll of fog for 52 gold pieces
  3863 | D:4      | Bought a +0 cloak for 45 gold pieces
  3901 | D:5      | Entered Level 5 of the Dungeon
  4027 | D:5      | Noticed a black bear
  4031 | D:5      | Killed a black bear
  4106 | D:5      | Noticed an ogre
  4110 | D:5      | Killed an ogre
  4111 | D:5      | Reached XP level 7. HP: 31/48 MP: 1/11
  4205 | D:5      | Learned a level 4 spell: Petrify
  4384 | D:5      | Found the +5 woodcutter's axe
  4435 | D:5      | Reached XP level 8. HP: 54/54 MP: 9/12
  5792 | D:6      | Found a staircase to the Ecumenical Temple.
  5801 | Temple   | Entered the Ecumenical Temple
  5973 | Temple   | Became a worshipper of Kikubaaqudgha
  6171 | D:6      | Reached skill level 1 in Evocations
  6289 | D:6      | Reached XP level 9. HP: 43/63 MP: 11/13
  6308 | D:6      | Found a sacrificial altar of Ru.
  6348 | D:6      | Found a shadowy altar of Dithmenos.
  7218 | D:7      | Found a sand-covered staircase.
  7237 | Ossuary  | Entered an ossuary
  7431 | Ossuary  | Reached * piety under Kikubaaqudgha
  7431 | Ossuary  | Received a gift from Kikubaaqudgha
  8006 | D:7      | Reached skill level 5 in Dodging
  8922 | D:8      | Reached XP level 10. HP: 60/73 MP: 6/14
  9722 | D:9      | Reached skill level 5 in Fighting
  9806 | D:9      | Found a runed translucent door.
  9807 | D:9      | Noticed a gargoyle
  9808 | D:9      | Noticed sirJeffrey23's ghost (journeyman HOFi)
  9851 | D:9      | Reached skill level 5 in Stealth
  9884 | D:9      | Found a staircase to the Orcish Mines.
 10001 | D:9      | Identified the ring "Rast" {rF+ rCorr}
 10023 | D:9      | Reached ** piety under Kikubaaqudgha
 10760 | D:8      | Reached skill level 5 in Spellcasting
 11330 | D:4      | Bought a rapier for 104 gold pieces
 11526 | D:9      | Found a staircase to the Orcish Mines.
 11659 | D:9      | Found a runed translucent door.
 11961 | D:10     | Entered Level 10 of the Dungeon
 12024 | D:10     | Noticed a two-headed ogre
 12034 | D:10     | Killed a two-headed ogre
 12035 | D:10     | Reached skill level 2 in Short Blades
 12134 | D:10     | Noticed a two-headed ogre
 12171 | D:10     | Killed a two-headed ogre
 12172 | D:10     | Reached skill level 4 in Short Blades
 12294 | D:10     | Reached XP level 11. HP: 79/79 MP: 7/20
 12371 | D:10     | Noticed a two-headed ogre
 12385 | D:10     | Found a staircase to the Lair.
 12385 | D:10     | Noticed an oklob plant
 12668 | D:10     | Reached skill level 5 in Short Blades
 12811 | D:10     | Reached skill level 6 in Short Blades
 12934 | D:10     | Reached skill level 7 in Short Blades
 13303 | D:10     | Killed a two-headed ogre
 13422 | D:10     | Killed an oklob plant
 13423 | D:10     | Reached skill level 8 in Short Blades
 13525 | Lair:1   | Entered Level 1 of the Lair of Beasts
 13639 | Lair:1   | Reached skill level 1 in Necromancy
 14058 | Lair:1   | Reached skill level 9 in Short Blades
 14703 | Lair:2   | Reached XP level 12. HP: 50/86 MP: 14/21
 14817 | Lair:2   | You fall into a shaft and drop 2 floors!
 14971 | Lair:4   | Reached skill level 5 in Necromancy
 14979 | Lair:4   | Reached skill level 10 in Short Blades
 14980 | Lair:4   | Reached *** piety under Kikubaaqudgha
 14980 | Lair:4   | Received a gift from Kikubaaqudgha
 15580 | Lair:4   | Found a runed translucent door.
 15581 | Lair:4   | Found a viscous altar of Jiyva.
 15581 | Lair:4   | Found a staircase to the Slime Pits.
 15581 | Lair:4   | Noticed an acid blob
 15581 | Lair:4   | Noticed an acid blob
 15958 | Lair:3   | Noticed a six-headed hydra
 15965 | Lair:3   | Killed a six-headed hydra
 15966 | Lair:3   | Reached skill level 5 in Evocations
 16253 | Lair:3   | Found a staircase to the Swamp.
 16275 | Lair:3   | Mangled by a cane toad

Illustrated notes

Levels and vault maps discovered:
D:1:      kilobyte_arrival_exit_the_forest, layout_basic
D:2:      layout_basic
D:3:      layout_loops_ring
D:4:      layout_basic, zin_angel, serial_glass, glass_columns_a,
          glass_columns_a, nicolae_wooded_promenade
D:5:      nicolae_cairo_tiling_very_big, layout_basic
D:6:      layout_basic, nicolae_overflow_squiral,
          minmay_temple_entry_statues_fountains, hex_large,
          kennysheep_opposing_triangles
D:7:      layout_basic, nicolae_ossuary_entry_false_entrances
D:8:      layout_loops_ring
D:9:      layout_roguey, erik_orc_4, ebering_ghost_inner_flame
D:10:     dreamdust_cave_troll, layout_loops_ring, dpeg_oklobed_lair,
          nicolae_straight_to_the_point
Temple:   nicolae_temple_bog_church
Lair:1:   layout_cave_pods, st_stairs_3, grunt_megastairs_2,
          infiniplex_staircase_pool, lemuel_fruit_tree
Lair:2:   layout_cave_pods, dreamdust_gnoll_shepherd
Lair:3:   pond_and_an_island_with_a_cottage, layout_gridlike,
          minmay_swamp_entry_swarm, nicolae_snake_entry_squirm, evilmike_ambush
          [evilmike_ambush_outer_basic, evilmike_ambush_inner_basic]
Lair:4:   layout_gridlike, slime_entry_2, serial_bayou_pond_d

Skill      XL: |  1  2  3  4  5  6  7  8  9 10 11 12 |
---------------+-------------------------------------+-----
Fighting       | 1 3 4 5 |  5.0
Transmutations | 2 3 4 |  4.0
Earth Magic    | 4 5 7 8 |  8.0
Conjurations   | 1 2 3 |  3.0
Spellcasting   | 3 6 |  6.0
Dodging        | 4 5 6 |  6.0
Evocations     | 2 4 5 |  5.9
Stealth        | 4 6 |  6.0
Short Blades   | 4 9 10 | 10.0
Necromancy     | 4 8 |  8.0

Action                     |  1- 3 |  4- 6 |  7- 9 | 10-12 || total
---------------------------+-------+-------+-------+-------++-------
  Melee: Unarmed           |     3 |       |       |       ||     3
         Whip              |     4 |     1 |    89 |    36 ||   130
         Rapier            |       |       |       |    44 ||    44
   Cast: Sandblast         |    44 |    68 |   196 |   209 ||   517
         Stone Arrow       |       |     2 |     7 |    21 ||    30
         Petrify           |       |       |     2 |    31 ||    33
         Passwall          |       |       |       |     3 ||     3
  Evoke: Wand              |       |       |       |     8 ||     8
    Use: Scroll            |       |     3 |     8 |    14 ||    25
         Potion            |       |       |       |     1 ||     1
   Stab: Petrified         |       |       |    15 |    14 ||    29
         Sleeping          |       |       |     4 |       ||     4
         Petrifying        |       |       |       |     2 ||     2
         Paralysed         |       |       |       |     2 ||     2
 Armour: Robe              |     1 |     5 |    34 |       ||    40
         Ring mail         |       |       |     9 |   114 ||   123
  Dodge: Dodged            |    11 |    11 |   132 |   137 ||   291
  Block: Buckler           |       |       |     6 |    40 ||    46

Table legend: (Time is in decaauts)
 A = Elapsed time spent in this place.
 B = Non-inter-level travel time spent in this place.
 C = Inter-level travel time spent in this place.
 D = Time resting spent in this place.
 E = Time spent auto-exploring this place.
 F = Levels seen in this place.
 G = Mean time per level.
                   A        B        C        D        E       F      G
               +--------+--------+--------+--------+--------+-----+--------+
         Total |  16556 |  15759 |    797 |    960 |  12268 |  16 | 1034.8 |
       Dungeon |  12888 |  12178 |    710 |    582 |   9730 |  10 | 1288.8 |
        Temple |    190 |    161 |     29 |      0 |    142 |   1 |  190.0 |
          Lair |   2800 |   2743 |     57 |    378 |   1907 |   4 |  700.0 |
       Ossuary |    677 |    677 |      0 |      0 |    488 |   1 |  677.0 |
               +--------+--------+--------+--------+--------+-----+--------+

Top non-repeatable levels by time:
     D:5: 1750 daAuts
     D:9: 1741 daAuts
    D:10: 1579 daAuts
     D:4: 1391 daAuts
     D:8: 1321 daAuts
     D:6: 1295 daAuts
     D:2: 1191 daAuts
  Lair:4: 1078 daAuts
  Lair:1: 1069 daAuts
     D:1: 998 daAuts
     D:7: 995 daAuts
 Ossuary: 677 daAuts
     D:3: 623 daAuts
  Lair:3: 405 daAuts
  Lair:2: 246 daAuts
